 Dungeon Crawl Stone Soup version 0.30-a0-414-gcb316572d5 (webtiles) character file.

Game seed: 14488382098331048860

27 McMuffin the Insei (level 2, 0/21 HPs)
             Began as a Demonspawn Transmuter on Dec 8, 2022.
             Succumbed to an adder's poison
             ... on level 2 of the Dungeon.
             The game lasted 00:04:07 (596 turns).

McMuffin the Insei (Demonspawn Transmuter)           Turns: 596, Time: 00:04:08

Health: 0/21       AC:  2    Str: 10    XL:     2   Next: 93%
Magic:  4/5        EV: 12    Int: 14    God:
Gold:   18         SH:  0    Dex: 15    Spells: 4/5 levels left

rFire   . . .      SeeInvis .      - Unarmed
rCold   . . .      Faith    .    (no shield)
rNeg    . . .      Spirit   .    a - +0 robe
rPois   .          Reflect  .    (helmet currently unavailable)
rElec   .          Harm     .    (no cloak)
rCorr   .          Rampage  .    (no gloves)
Will    .....                    (boots currently unavailable)
Stlth   ++........               (no amulet)
HPRegen 0.23/turn                (no ring)
MPRegen 0.09/turn                (no ring)

@: lethally poisoned (0 -> -3), appendages (expiring)
A: horns 2, talons 2, thin skeletal structure 1
a: End Transformation


You were on level 2 of the Dungeon.
You had temporarily grown beastly horns and talons.
You visited 1 branch of the dungeon, and saw 2 of its levels.

You collected 42 gold pieces.
You spent 24 gold pieces at shops.

Inventory:

Armour
 a - a +0 robe (worn)
 d - a +0 helmet (melded)
Scrolls
 f - a scroll of enchant weapon
 g - a scroll of poison {unknown}
 j - a scroll of identify
Potions
 b - 2 potions of lignification
 c - 2 potions of heal wounds {unknown}
 e - a potion of curing {unknown}
 h - a potion of attraction {unknown}
 i - a potion of flight {unknown}


   Skills:
 + Level 1.0 Fighting
 + Level 2.1 Dodging
 + Level 3.3 Unarmed Combat
 + Level 2.2 Spellcasting
 + Level 2.0 Transmutations


You had 4 spell levels left.
You knew the following spells:

 Your Spells              Type           Power      Damage    Failure   Level
a - Beastly Appendage     Tmut           14%        N/A       10%         1

Your spell library contained the following spells:

 Spells                   Type           Power      Damage    Failure   Level
 Wereblood                Tmut           7%         N/A       16%         2
 Spider Form              Tmut/Pois      4%         N/A       43%         3
 Ice Form                 Ice/Tmut       4%         N/A       83%         4


Dungeon Overview and Level Annotations

Branches:
Dungeon (2/15)

Altars:

Shops:
D:2 ?


Innate Abilities, Weirdness & Mutations

You have temporarily grown beastly horns and talons.
You have a somewhat thin skeletal structure. (Dex +2, Stealth+)


Message History

The adder is moderately wounded.
The adder bites you but does no damage. The adder misses you.
Casting: Beastly Appendage (safe; 10% risk of failure)
Press: ? - help, Q - select action Dir - look around, f - activate You grow a pair of large bovine horns.
Your feet morph into talons.
Your +0 helmet melds into your body.
The adder bites you.
You barely miss the adder. Your kick misses the adder.
Your headbutt misses the adder.
The adder is moderately wounded.
The adder closely misses you.
You miss the adder. Your kick misses the adder. Your headbutt misses the adder.
The adder is moderately wounded.
Your transformation is almost over.
The adder bites you.
You are poisoned.
The adder poisons you!
You hit the adder but do no damage. Your headbutt misses the adder.
The adder is moderately wounded.
You feel sick. The adder bites you but does no damage.
You completely miss the adder.
The adder is moderately wounded.
You feel sick. The adder bites you.
You are more poisoned.
The adder poisons you! The adder bites you.
You hit the adder. You claw the adder.
The adder is almost dead.
You feel sick. The adder bites you.
* * * LOW HITPOINT WARNING * * *
You hit the adder but do no damage. Your kick misses the adder.
Your punch misses the adder.
The adder is almost dead.
* * * LOW HITPOINT WARNING * * *
You feel sick. The adder bites you.
* * * LOW HITPOINT WARNING * * *
* * * LOW HITPOINT WARNING * * *
You feel sick. The adder misses you.
You hit the adder.
You kill the adder!
You die...

############
...........#
........##.#
#.#####.##.#######
#.# ##...........#
#.# #........###@#
..##..........##†#
..##.........###.#
#....#......## #..
####.#.#.#.## ###.
#..###... .# #.#
.#... # #. .##....


There were no monsters in sight!

Vanquished Creatures
  An adder (D:2)
  2 dart slugs (D:1)
  2 bats
  2 endoplasms (D:1)
  A giant cockroach (D:1)
  3 goblins
  2 hobgoblins (D:1)
  A kobold (D:2)
  3 ball pythons (D:1)
  2 frilled lizards (D:1)
  4 rats
23 creatures vanquished.

Vanquished Creatures (others)
  2 plants (D:1)
2 creatures vanquished.

Grand Total: 25 creatures vanquished

Notes
Turn   | Place    | Note
-------+----------+-------------------------------------------
     0 | D:1      | McMuffin the Demonspawn Transmuter began the quest for the
                  | Orb.
     0 | D:1      | Reached XP level 1. HP: 15/15 MP: 3/3
   113 | D:1      | Reached skill level 3 in Unarmed Combat
   113 | D:1      | Gained mutation: You have a somewhat thin skeletal
                  | structure. (Dex +2, Stealth+) [demonic ancestry]
   113 | D:1      | Reached XP level 2. HP: 14/21 MP: 3/5
   499 | D:2      | Found Axintot's Magic Scroll Emporium.
   509 | D:2      | Bought a scroll of identify for 24 gold pieces
   594 | D:2      | HP: 1/21 [adder (2)]
   596 | D:2      | Succumbed to an adder's poison

Illustrated notes

Levels and vault maps discovered:
D:1:      amcnicky_arrival_abandoned_market, layout_basic, serial_bayou,
          serial_bayou_lagoon_b, serial_bayou_lagoon_a, serial_bayou_pond_b,
          serial_bayou_pond_d, serial_bayou_pond_e, serial_bayou_pond_e
D:2:      layout_loops_ring, serial_shops, shop,
          nicolae_concentric_dashed_squares_wild, item_on_display_a

Skill      XL: |  1  2 |
---------------+-------+-----
Dodging        | 2 |  2.1
Unarmed Combat | 3 |  3.3
Transmutations | 2 |  2.0
Fighting       | |  1.0
Spellcasting   | |  2.2

Action                   || total
-------------------------++-------
Melee: Unarmed           ||    58
       Kick              ||    12
       Headbutt          ||     7
       Punch             ||     1
 Cast: Beastly Appendage ||    10
  Use: Scroll            ||     1
 Stab: Sleeping          ||     3
Armor: Robe              ||    12
Dodge: Dodged            ||    34

Table legend: (Time is in decaauts)
 A = Elapsed time spent in this place.
 B = Non-inter-level travel time spent in this place.
 C = Inter-level travel time spent in this place.
 D = Time resting spent in this place.
 E = Time spent auto-exploring this place.
 F = Levels seen in this place.
 G = Mean time per level.
                   A        B        C        D        E       F      G
               +--------+--------+--------+--------+--------+-----+--------+
         Total |    595 |    595 |      0 |      0 |      0 |   2 |  297.5 |
       Dungeon |    595 |    595 |      0 |      0 |      0 |   2 |  297.5 |
               +--------+--------+--------+--------+--------+-----+--------+

Top non-repeatable levels by time:
     D:1: 367 daAuts
     D:2: 228 daAuts
